 Dungeon Crawl Stone Soup version 0.29.0-13-gc9e81de378 (webtiles) character file.

Game seed: 15735342679651755984

10935 sanka the Nimble (level 12, -5/94 HPs)
             Began as a Djinni Monk on Sept 7, 2022.
             Was an Elder of Makhleb.
             Slain by a yak (11 damage)
             ... on level 10 of the Dungeon.
             The game lasted 00:23:15 (16919 turns).

sanka the Nimble (Djinni Monk)                     Turns: 16919, Time: 00:23:16

Health: -5/94      AC: 13    Str: 10    XL:     12   Next: 1%
Gold:   377        EV: 19    Int: 13    God:    Makhleb [****..] SH:  0 Dex: 26

rFire   + . .      SeeInvis +   L - +5 shortbow "Nygaa" {venom, rElec Dex+3 SInv}
rCold   . . .      Faith    .   (shield currently unavailable)
rNeg    . . .      Spirit   .   F - +4 ring mail "Taaqaeso" {rElec MP+9 Int-3 Dex+6}
rPois   ∞          Reflect  .   g - +2 hat
rElec   +          Harm     .   s - +0 cloak
rCorr   .          Rampage  .   J - +0 pair of gloves
Will    +....                   (boots unavailable)
Stlth   ++........              (no amulet)
HPRegen 0.25/turn               o - ring of ice
MPRegen 0.00/turn               k - +4 ring of slaying

@: producing miasma (expiring), flying
A: sickness immunity, fire resistance 2, cold vulnerability 1, float, innate
caster, HP casting, extra vitality 1
a: Renounce Religion, Minor Destruction, Lesser Servant of Makhleb, Major
Destruction


You were on level 10 of the Dungeon.
You worshipped Makhleb.
Makhleb was greatly pleased with you.
You visited 1 branch of the dungeon, and saw 11 of its levels.
You also visited: Sewer.

You collected 807 gold pieces.
You spent 430 gold pieces at shops.


Innate Abilities, Weirdness & Mutations

You are immune to sickness and miasma.
You are immune to poison.
Your flesh is very heat resistant. (rF++)
You are vulnerable to cold. (rC-)
You float through the air rather than walking.
You learn spells naturally, not from books.
Your magical power is your life essence.
You have superior vitality. (+4 MHP)


   Skills:
 + Level 11.3 Fighting
 + Level 11.5 Dodging
 - Level 1.5 Stealth
 - Level 3.0 Unarmed Combat
 * Level 8.2 Spellcasting


You had 13 spell levels left.
You knew the following spells:

 Your Spells              Type           Power      Damage    Failure   Level
c - Call Canine Familiar  Summ           26%        N/A       3%          3
x - Searing Ray           Conj           52%        2d6       1%          2
z - Summon Small Mammal   Summ           100%       N/A       1%          1
X - Animate Dead          Necr           26%        N/A       12%         4
Z - Corpse Rot            Necr/Pois/Air  26%        N/A       12%         4
Your spell library was empty.

Inventory:

Hand Weapons
 r - a +2 whip of electrocution
 x - a -1 demon whip of venom
 L - the +5 shortbow "Nygaa" (weapon) {venom, rElec Dex+3 SInv} Any ammunition fired from it poisons the flesh of those it strikes. Dex: It affects your dexterity (+3). rElec: It insulates you from electricity. SInv: It lets you see invisible.
Missiles
 m - 6 curare-tipped darts {=f}
Armour
 g - a +2 hat (worn)
 j - +0 acid dragon scales
 s - a +0 cloak (worn)
 F - the +4 ring mail "Taaqaeso" (worn) {rElec MP+9 Int-3 Dex+6}

   Int:       It affects your intelligence (-3).
   Dex:       It affects your dexterity (+6).
   rElec:     It insulates you from electricity.
   MP:        It affects your magic capacity (+9).
 J - a +0 pair of gloves (worn)
Magical Staves
 a - a staff of poison
 I - a staff of earth
Jewellery
 k - a +4 ring of slaying (right hand)
 o - a ring of ice (left hand)
 q - a +6 ring of strength
 B - a +6 ring of intelligence
 G - a ring of resist corrosion
Wands
 y - a wand of flame (23)
 H - a wand of acid (5)
Scrolls
 c - 2 scrolls of summoning {unknown}
 e - 3 scrolls of enchant weapon {unknown}
 f - 2 scrolls of torment {unknown}
 h - 3 scrolls of teleportation {@r4}
 n - 4 scrolls of enchant armour
 p - 4 scrolls of blinking {unknown}
 t - a scroll of poison {unknown}
 u - 4 scrolls of magic mapping
 v - 2 scrolls of fog {unknown}
 A - 2 scrolls of amnesia {unknown}
 D - 2 scrolls of fear {unknown}
 E - 2 scrolls of silence {unknown}
 K - a scroll of acquirement {unknown}
Potions
 b - 2 potions of ambrosia
 d - a potion of resistance {unknown}
 i - 2 potions of attraction {unknown}
 l - 2 potions of lignification {unknown}
 w - 2 potions of curing {@q1}
 z - 2 potions of heal wounds {@q2}
 C - a potion of brilliance {unknown}

Dungeon Overview and Level Annotations

Branches:
Dungeon (11/15)            Temple (0/1) D:5            Lair (0/5) D:10
    Orc (0/2) D:9           Sewer (visited)

Altars:
Ashenzari
Gozag
Hepliaklqana
Makhleb
Xom

Shops:
D:1 (   D:2 *   D:3 (=?*

Annotations:
D:9 exclusion: downstairs
D:10 exclusion: downstairs
D:11 Erica

.▒▒▒▒▒▒▒▒▒▒▒▒▒▒▒▒▒▒▒▒▒▒▒▒▒▒▒▒▒▒▒▒
▒........>▒............▒.........
▒▒........▒..........▒▒▒.........
▒▒........................▒▒.....
.▒..▒[............▒▒:............
▒▒..▒.:..........▒▒▒▒............
...▒▒.............▒▒.......).....
▒▒▒▒...........†.................
▒▒...........YR†....▒..........
▒............YY.▒..▒▒........<.
▒.............▒▒▒..▒▒▒.......▒▒
▒▒...▒▒.▒▒......▒▒.▒▒..▒▒▒.▒▒▒▒
▒..▒▒.....▒.....▒.▒▒▒.▒▒▒▒▒▒▒▒
▒▒▒▒▒▒....▒▒▒......▒▒.......▒▒
▒▒▒.....................▒
▒.......▒▒....▒.......▒▒
▒.....................▒▒


You could see 3 yaks.


Message History

The yak closely misses you. The yak gores you but does no damage.
The yak barely misses you. The yak gores you!
* * * LOW HITPOINT WARNING * * *
The yak gores you but does no damage. The yak gores you.
* * * LOW HITPOINT WARNING * * *
You shoot an arrow. The arrow hits the yak!
The yak is almost dead.
Your miasmic aura is weakening.
The yak barely misses you. The yak gores you!
* * * LOW HITPOINT WARNING * * *
The yak barely misses you. The yak closely misses you.
You shoot an arrow. The arrow hits the yak!
You kill the yak!
Makhleb accepts your kill. The yak closely misses you.
The yak is engulfed in dark miasma.
The yak is poisoned.
The yak seems to slow down.
The yak gores you!
* * * LOW HITPOINT WARNING * * *
The yak completely misses you. The yak gores you!
You die...

Action                   |  1- 3 |  4- 6 |  7- 9 | 10-12 || total
-------------------------+-------+-------+-------+-------++-------
Melee: Unarmed           |   154 |    50 |       |       ||   204
       Punch             |     2 |       |       |    12 ||    14
       Whip              |       |       |    26 |    24 ||    50
       Demon whip        |       |       |       |   162 ||   162
 Fire: Shortbow          |       |       |       |    28 ||    28
 Cast: Summon Small Mamm |    16 |     8 |       |       ||    24
       Searing Ray       |       |    29 |    62 |    45 ||   136
       Call Canine Famil |       |       |     4 |    20 ||    24
       Corpse Rot        |       |       |       |     2 ||     2
  Use: Potion            |       |     2 |     1 |       ||     3
       Scroll            |       |     1 |       |     2 ||     3
 Stab: Sleeping          |     1 |     1 |       |       ||     2
       Distracted        |       |       |       |     1 ||     1
Armor: Robe              |    24 |    14 |    23 |       ||    61
       Acid dragon scale |       |       |    11 |    24 ||    35
       Ring mail         |       |       |       |   113 ||   113
Dodge: Dodged            |   110 |    38 |    98 |   424 ||   670

Levels and vault maps discovered:
D:1:      minmay_arrival_plants_in_alcoves, layout_loops_ring, serial_shops,
          nicolae_shop_waterfront, serial_forest, infiniplex_forest_corner_2,
          infiniplex_forest_lined_corner, infiniplex_forest_clump_curved,
          infiniplex_forest_clump_double, infiniplex_forest_clump_cross,
          infiniplex_forest_zigzag_1, minmay_three_crescents
D:2:      layout_basic, nicolae_ecumenical_snake_handling, serial_shops, shop,
          interstate_on_off, minmay_misc_feat_tiny, fountainhead,
          lightli_corner_chamber
D:3:      layout_basic, jmf_multi_god_temple2, cheibrodos_sewer_entry_bend,
          serial_shops, nicolae_diamond_shop, shop_coins, shop, shop
D:4:      layout_loops_ring, mainiacjoe_overflow_six_doors_small,
          marbit_many_paths, dk_noncrumbling_4, minivault_25, uniq_natasha,
          uniq_pikel, uniq_eustachio, uniq_robin
D:5:      layout_basic, lemuel_crystal_altar, minmay_temple_entry_poolview
D:6:      layout_loops_corners
D:7:      layout_cave_pods, uniq_maggie, uniq_crazy_yiuf_cottage
D:8:      cheibrodos_fertilizer, layout_loops_ring,
          nicolae_hepliaklqana_monster_ancestors, uniq_grum, uniq_amaemon
D:9:      nicolae_BIG_FREAKIN_CUBE, layout_cave_pools, orc_0_dummy
D:10:     layout_cave_pools, erik_lair_dragon, minmay_tree_intersection
D:11:     layout_small_grid, uniq_erica

Notes
Turn   | Place    | Note
-------+----------+-------------------------------------------
     0 | D:1      | sanka the Djinni Monk began the quest for the Orb.
     0 | D:1      | Reached XP level 1. HP: 20/20 MP: 0/0
   379 | D:1      | Identified +0 swamp dragon scales
   557 | D:1      | Reached XP level 2. HP: 21/25 MP: 0/0
  1229 | D:1      | Found Egyetzoxi's Weapon Shop.
  1562 | D:2      | Reached skill level 4 in Fighting
  1562 | D:2      | Reached XP level 3. HP: 25/31 MP: 0/0
  1562 | D:2      | Learned a level 1 spell: Summon Small Mammal
  1694 | D:2      | Found a faded altar of an unknown god.
  1825 | D:2      | Found Cyeq's Assorted Antiques.
  2997 | D:3      | Found Woitij's General Store.
  3041 | D:3      | Reached XP level 4. HP: 23/37 MP: 0/0
  3056 | D:3      | Bought a potion of heal wounds for 50 gold pieces
  3056 | D:3      | Bought a scroll of identify for 20 gold pieces
  3117 | D:3      | Reached skill level 1 in Spellcasting
  3215 | D:3      | Found a glowing drain.
  3336 | Sewer    | Entered a sewer
  3411 | Sewer    | Noticed a kobold brigand
  3431 | Sewer    | HP: 3/38 [kobold brigand/+0 dagger (7)]
  3438 | Sewer    | Killed a kobold brigand
  3439 | Sewer    | Reached XP level 5. HP: 18/42 MP: 0/0
  3439 | Sewer    | Learned a level 2 spell: Searing Ray
  3631 | Sewer    | Found a white marble altar of Elyvilon.
  3717 | D:3      | Reached skill level 2 in Spellcasting
  3788 | D:3      | Reached skill level 5 in Fighting
  3881 | D:3      | Found Disil's Weapon Shop.
  4111 | D:3      | Found Zedacir's Magic Scroll Emporium.
  4124 | D:3      | Found Cysug's Jewellery Emporium.
  4211 | D:3      | Found a large runed translucent door.
  4211 | D:3      | Found a large runed translucent door.
  4357 | D:3      | Found a shimmering altar of Xom.
  4363 | D:3      | Found a broken altar of Ashenzari.
  4557 | D:4      | Reached XP level 6. HP: 44/49 MP: 0/0
  4675 | D:4      | Noticed an ogre
  4680 | D:4      | Killed an ogre
  4681 | D:4      | Reached skill level 3 in Spellcasting
  4894 | D:4      | Noticed Natasha
  4903 | D:4      | Killed Natasha
  5093 | D:4      | Noticed Pikel
  5125 | D:4      | Killed Pikel
  5126 | D:4      | Reached skill level 5 in Spellcasting
  5126 | D:4      | Reached XP level 7. HP: 17/54 MP: 0/0
  5126 | D:4      | Learned a level 3 spell: Call Canine Familiar
  5126 | D:4      | Reached XP level 8. HP: 18/59 MP: 0/0
  5373 | D:4      | Noticed Robin
  5392 | D:4      | Killed Robin
  5540 | D:4      | Noticed Eustachio
  5554 | D:4      | Killed Eustachio
  5555 | D:4      | Reached skill level 6 in Spellcasting
  5850 | D:4      | Noticed Natasha
  5856 | D:4      | Killed Natasha
  5914 | D:4      | Found an opulent altar of Gozag.
  5975 | D:4      | Noticed Natasha
  5981 | D:4      | Killed Natasha
  6058 | D:5      | Entered Level 5 of the Dungeon
  7008 | D:5      | Reached skill level 7 in Spellcasting
  7069 | D:5      | Found a burning altar of Makhleb.
  7111 | D:5      | Became a worshipper of Makhleb the Destroyer
  7111 | D:5      | Reached * piety under Makhleb
  7111 | D:5      | Reached ** piety under Makhleb
  7356 | D:5      | Found a staircase to the Ecumenical Temple.
  7361 | D:5      | Reached XP level 9. HP: 64/65 MP: 0/0
  7361 | D:5      | Learned a level 4 spell: Animate Dead
  7953 | D:6      | Reached skill level 8 in Spellcasting
  8608 | D:6      | Reached skill level 4 in Dodging
  9437 | D:7      | Identified a +0 crystal plate armour
  9586 | D:7      | Reached skill level 6 in Fighting
  9587 | D:7      | Reached skill level 5 in Dodging
  9980 | D:7      | Found a runed translucent door.
  9981 | D:7      | Noticed Crazy Yiuf
 10050 | D:7      | Identified +0 acid dragon scales
 10050 | D:7      | Noticed Maggie
 10071 | D:7      | Killed Maggie
 10395 | D:7      | Killed Crazy Yiuf
 10512 | D:8      | Reached skill level 6 in Dodging
 10814 | D:3      | Bought a +6 ring of intelligence for 360 gold pieces
 11014 | D:8      | Noticed Grum
 11031 | D:8      | Reached skill level 7 in Fighting
 11031 | D:8      | Reached XP level 10. HP: 61/75 MP: 0/0
 11041 | D:8      | Killed Grum
 11302 | D:8      | Reached skill level 7 in Dodging
 11361 | D:8      | Reached *** piety under Makhleb
 11463 | D:8      | Noticed a gargoyle
 11491 | D:8      | Killed a gargoyle
 11492 | D:8      | Reached skill level 8 in Fighting
 11644 | D:8      | Noticed Amaemon
 11644 | D:8      | Noticed an orange demon
 11683 | D:8      | Killed Amaemon
 11684 | D:8      | Reached skill level 8 in Dodging
 11686 | D:8      | Killed an orange demon
 12449 | D:8      | Reached skill level 9 in Fighting
 12502 | D:8      | Identified the +4 ring mail "Taaqaeso" {rElec MP+9 Int-3
                  | Dex+6}
 12605 | D:8      | Reached skill level 9 in Dodging
 12662 | D:8      | Reached XP level 11. HP: 84/84 MP: 0/0
 12662 | D:8      | Learned a level 4 spell: Corpse Rot
 12813 | D:8      | Found a hazy altar of Hepliaklqana.
 13458 | D:8      | Reached **** piety under Makhleb
 13693 | D:9      | HP: 8/85 [orc warrior/+0 long sword (1)]
 13697 | D:9      | Reached skill level 10 in Fighting
 13697 | D:9      | Reached skill level 10 in Dodging
 13699 | D:9      | HP: 4/85 [orc/+0 hand axe (4)]
 14084 | D:9      | Found a staircase to the Orcish Mines.
 14797 | D:10     | Entered Level 10 of the Dungeon
 14810 | D:10     | Noticed a centaur warrior
 14828 | D:10     | Killed a centaur warrior
 15132 | D:10     | Noticed a two-headed ogre
 15171 | D:10     | Killed a two-headed ogre
 15482 | D:10     | Noticed a two-headed ogre
 15512 | D:10     | Killed a two-headed ogre
 15513 | D:10     | Reached skill level 11 in Dodging
 15859 | D:10     | Reached skill level 11 in Fighting
 16275 | D:10     | Identified the +5 shortbow "Nygaa" {venom, rElec Dex+3
                  | SInv}
 16561 | D:10     | Found a staircase to the Lair.
 16777 | D:11     | Noticed Erica
 16897 | D:10     | Reached XP level 12. HP: 91/94 MP: 0/0
 16919 | D:10     | HP: 6/94 [yak (8)]
 16919 | D:10     | Slain by a yak

Vanquished Creatures
  A centaur warrior (D:10)
  A two-headed ogre (D:10)
  Pikel (D:4)
  Maggie (D:7)
  A komodo dragon (D:10)
  A troll (D:10)
  4 wyverns
  3 yaks (D:10)
  Eustachio (D:4)
  A wraith (D:10)
  2 basilisks (D:10)
  Grum (D:8)
  2 vampire mosquitoes (D:10)
  An acid dragon (D:10)
  2 orc warriors (D:9)
  An ice beast (D:8)
  2 wolves (D:8)
  A phantom (D:6)
  2 ogres
  5 centaurs
  3 lemures (D:4)
  3 bullfrogs
  8 kobold brigands
  A necrophage (D:5)
  2 scorpions (D:5)
  27 killer bees
  A howler monkey (D:7)
  6 hounds
  3 jellies
  Crazy Yiuf (D:7)
  4 orc priests
  Natasha (thrice) (D:4)
  3 iguanas (D:6)
  4 orc wizards
  Robin (D:4)
  9 adders
  3 shadow imps
  A white imp (D:7)
  2 ufetubi (D:4)
  3 worms (D:3)
  A dart slug (D:2)
  22 orcs
  7 ball pythons
  7 endoplasms
  3 giant cockroaches
  7 goblins
  9 hobgoblins
  A jackal (Sewer)
  A quokka (D:2)
  6 bats
  6 frilled lizards
  30 kobolds
  3 rats
  A spectral hobgoblin (D:8)
226 creatures vanquished.

Vanquished Creatures (collateral kills)
  A two-headed ogre (D:10)
  Amaemon (D:8)
  An orange demon (D:8)
  A gargoyle (D:8)
  3 slime creatures (D:8)
  A bullfrog (D:8)
  2 jellies (D:8)
  A worm (D:2)
  2 orcs (D:3)
  3 endoplasms (D:8)
16 creatures vanquished.

Vanquished Creatures (others)
  6 fungi (D:8)
  3 plants (D:1)
  7 toadstools (D:8)
16 creatures vanquished.

Grand Total: 258 creatures vanquished
